 Dungeon Crawl Stone Soup version 0.24.1 (webtiles) character file.

Game seed: 5364997390428106715, levelgen mode: deterministic

51 raph the Grave Robber (level 3, -1/28 HPs)
             Began as a Deep Dwarf Necromancer on Apr 3, 2020.
             Slain by Grinder (9 damage)
             ... on level 3 of the Dungeon.
             The game lasted 00:05:21 (2184 turns).

raph the Grave Robber (Deep Dwarf Necromancer)      Turns: 2184, Time: 00:05:21

Health: -1/28      AC:  2    Str: 11    XL:     3   Next: 58%
Magic:  6/6        EV: 13    Int: 16    God:
Gold:   72         SH:  0    Dex: 13    Spells: 1/6 levels left

rFire    . . .     SeeInvis .   m - +0 long sword
rCold    . . .     Gourm    +   (no shield)
rNeg     . . .     Faith    .   e - +0 robe
rPois    .         Spirit   .   (no helmet)
rElec    .         Reflect  .   (no cloak)
rCorr    .         Harm     .   (no gloves)
MR       .....                  (no boots)
Stlth    ++........             h - amulet of the gourmand
HPRegen  0.00/turn              (no ring)
MPRegen  0.10/turn              (no ring)

@: non-regenerating
A: damage resistance, heal wounds, sense surroundings 1, no regeneration
a: Heal Wounds


You were on level 3 of the Dungeon.
You were full.

You visited 1 branch of the dungeon, and saw 3 of its levels.

You collected 72 gold pieces.

Inventory:

Hand Weapons
 a - a +0 dagger
 b - a +0 hunting sling
 m - a +0 long sword (weapon)
Missiles
 d - 2 stones
 j - 7 boomerangs (quivered)
Armour
 e - a +0 robe (worn)
Jewellery
 h - an amulet of the gourmand (around neck)
Potions
 f - a potion of flight
 g - a potion of brilliance {unknown}
 i - 2 potions of invisibility {unknown}
Comestibles
 c - 2 rations


   Skills:
 + Level 2.7 Dodging
 + Level 3.2 Stealth
 + Level 2.1 Spellcasting
 * Level 5.0 Necromancy


You had one spell level left.
You knew the following spells:

 Your Spells              Type           Power        Failure   Level  Hunger
a - Pain                  Necr           ###.         2%          1    #......
b - Animate Skeleton      Necr           N/A          2%          1    #......
c - Vampiric Draining     Necr           ###.......   8%          3    ###....

Your spell library contained the following spells:

 Spells                   Type           Power        Failure   Level  Hunger
 Animate Dead             Necr           N/A          26%         4    #####..
 Regeneration             Chrm/Necr      Unusable     N/A         3    N/A

Dungeon Overview and Level Annotations

Branches:
Dungeon (3/15)

Altars:

Annotations:
D:3 Grinder


Innate Abilities, Weirdness & Mutations

You are resistant to damage.
You can heal yourself by infusing magical energy.
You passively map a small area around you.
You do not regenerate.


Message History

Grinder says, "There's only one good use for a tongue: cutting it out."
You can move again.
As you read the scroll labeled YNOJUA LUURGHUPT, it crumbles to dust.
Your ears itch!
It was a scroll of random uselessness.
Grinder gestures at you. You resist with significant effort.
As you read the scroll labeled ZAFUGUNURO, it crumbles to dust.
It is a scroll of identify.
f - a potion of flight Grinder hits you!
As you read the scroll labeled BALI LOGAYWNAR, it crumbles to dust.
The creatures around you are filled with an inner flame!
It was a scroll of immolation.
Grinder barely misses you.
You see here a scroll labeled HIMYWI ZUNEPS.
Grinder says, "You look like you could use a good racking."
Grinder gestures at you. Pain shoots through your body!
* * * LOW HITPOINT WARNING * * *
Grinder hits you!
You die...

#.# ...,,.. #.# #..,..,,
#.### #.##.### # ....#
#... ..#.# * * ###.#####
#..# #.#.# , # #.....#
#..# #.#.# *
###.....####..###...###
...........รท..........+
, ,
##...#..####...5@...#*
##......# #.......#.# *
, .......## #.#####.# #
##.##### #. #.# * #.# #.
#.# #.# #. #.# #.# #.
#.# * #Z# * ,..#, * ,
#.# , ,,


You could see Grinder (inner flame).

Vanquished Creatures
  A gnoll (D:2)
  2 oozes
  2 dart slugs (D:1)
  4 bats
  4 goblins
  2 hobgoblins
  2 jackals (D:3)
  4 kobolds
  A quokka (D:2)
  2 ball pythons
  3 rats
27 creatures vanquished.

Vanquished Creatures (collateral kills)
  A goblin (D:1)
  A kobold (D:1)
2 creatures vanquished.

Grand Total: 29 creatures vanquished

Notes
Turn   | Place    | Note
-------+----------+-------------------------------------------
     0 | D:1      | raph the Deep Dwarf Necromancer began the quest for the
                  | Orb.
     0 | D:1      | Reached XP level 1. HP: 15/15 MP: 3/3
    27 | D:1      | Learned a level 1 spell: Animate Skeleton
   491 | D:1      | Reached XP level 2. HP: 20/22 MP: 1/4
  1497 | D:2      | Reached XP level 3. HP: 23/28 MP: 1/6
  1502 | D:2      | Learned a level 3 spell: Vampiric Draining
  1555 | D:2      | Reached skill level 5 in Necromancy
  1890 | D:3      | Noticed Grinder
  2170 | D:3      | Paralysed by Grinder for 6 turns
  2184 | D:3      | Slain by Grinder

Levels and vault maps discovered:
D:1:      eino_arrival_water_cross, layout_basic, minmay_pentomino_q4
D:2:      layout_basic, kennysheep_generic_room_6
D:3:      layout_loops_corners, kennysheep_vampire_church, uniq_grinder

Skill      XL: |  1  2  3 |
---------------+----------+-----
Spellcasting   | 2 |  2.1
Stealth        | 3 |  3.2
Necromancy     | 5 |  5.0
Dodging        | |  2.7

Action                   || total
-------------------------++-------
Melee: Dagger            ||    10
       Long sword        ||     2
 Fire: Hunting sling     ||     3
Throw: Boomerang         ||     3
 Cast: Pain              ||    56
       Animate Skeleton  ||    12
  Use: Scroll            ||     3
  Eat: Chunk             ||    11
Armor: Robe              ||     9
Dodge: Dodged            ||    23
       Rpst.: Long sword ||     2
